 Dungeon Crawl Stone Soup version 0.31-a0-102-g33a4ccc0cb (webtiles) character file.

Game seed: 9290954620350950323

219 PriceMaster the Insei (level 5, 0/33 HPs)
             Began as an Octopode Transmuter on May 26, 2023.
             Slain by an ogre
             ... wielding a +0 giant spiked club
              (23 damage)
             ... on level 4 of the Dungeon.
             The game lasted 00:06:44 (3464 turns).

PriceMaster the Insei (Octopode Transmuter)         Turns: 3464, Time: 00:06:44

Health: 0/33       AC:  1    Str: 17    XL:     5   Next: 96%
Magic:  0/3        EV: 13    Int: 20    God:
Gold:   133        SH:  5    Dex: 13    Spells: 7/10 levels left

rFire   + + +        u - +6 hand axe of Watchfulness {antimagic, *Rage rPois rF+++ Int+5}
rCold   . . .        (no shield)
rNeg    . . .        (helmet currently unavailable)
rPois   +            c - amulet of reflection
rElec   .            m - +6 ring of strength
rCorr   .            (no ring)
SInv    .            (no ring)
Will    .....        (no ring)
Stlth   +++          (no ring)
HPRegen 0.25/turn    (no ring)
MPRegen 0.08/turn    (no ring)
                     (no ring)

%: random rage (20%), reflection
@: appendages, wereblooded
A: tentacle spike 3, almost no armour, amphibious, 8 rings, camouflage 1,
gelatinous body 1, (nimble swimmer 1), tentacles
a: End Transformation


You were on level 4 of the Dungeon.
One of your tentacles had grown a beastly spike.
You visited 1 branch of the dungeon, and saw 4 of its levels.

You collected 133 gold pieces.

Inventory:

Hand Weapons
 a - a +0 flail
 j - a +1 dagger of speed
 u - the +6 hand axe of Watchfulness (weapon) {antimagic, *Rage rPois rF+++ Int+5}
   (You found it on level 4 of the Dungeon)

   Int:       It affects your intelligence (+5).
   rF:        It renders you almost immune to fire.
   rPois:     It protects you from poison.
   *Rage:     It berserks you when you make melee attacks (+20% chance).
Missiles
 i - 9 large rocks
Armour
 g - a +0 cloak
Magical Staves
 f - a staff of poison
 s - a staff of air
Jewellery
 c - an amulet of reflection (around mantle)
 m - a +6 ring of strength (left tentacle)
Wands
 e - a wand of polymorph (4)
Scrolls
 b - 2 scrolls of teleportation
 d - 2 scrolls of amnesia {unknown}
 l - a scroll of magic mapping {unknown}
 o - a scroll of torment {unknown}
 r - a scroll of acquirement {unknown}
 t - a scroll of vulnerability {unknown}
Potions
 h - a potion of might
 n - a potion of haste {unknown}
 p - a potion of mutation {unknown}
 q - a potion of brilliance


   Skills:
 + Level 1.0 Fighting
 + Level 1.4 Short Blades
 + Level 0.2 Maces & Flails
 + Level 2.3 Dodging
 + Level 2.4 Stealth
 + Level 4.1 Unarmed Combat
 + Level 3.1 Spellcasting
 + Level 3.1 Transmutations


You had 7 spell levels left.
You knew the following spells:

 Your Spells              Type           Power      Damage    Failure   Level
a - Beastly Appendage     Tmut           30%        N/A       3%          1
b - Wereblood             Tmut           15%        N/A       6%          2

Your spell library contained the following spells:

 Spells                   Type           Power      Damage    Failure   Level
 Spider Form              Tmut/Pois      7%         N/A       26%         3
 Ice Form                 Ice/Tmut       7%         N/A       65%         4


Dungeon Overview and Level Annotations

Branches:
Dungeon (4/15)
 Temple: D:4-7

Altars:
Wu Jian
Xom

Shops:
D:3 *


Innate Abilities, Weirdness & Mutations

One of your tentacles has grown a beastly spike.
You cannot wear most types of armour.
You are amphibious.
You can wear up to eight rings at the same time.
Your skin changes colour to match your surroundings (Stealth+).
Your rubbery body absorbs attacks. (AC +1, EV +1)
((You are camouflaged when in or above water. (Stealth+)))
You have tentacles for arms and can constrict up to eight enemies at once.


Message History

The grasping roots constrict the ogre.
The ogre struggles to escape constriction.
An adder comes into view.
Aiming: Fastroot
Press: ? - help, Shift-Dir - straight line, f - you, p - ogre The roots erupt in riotous growth!
The adder hisses angrily.
The grasping roots constrict the ogre!
The roots release their grip on the ogre.
Aiming: Fastroot
Press: ? - help, Shift-Dir - straight line, f - ogre
Aim: an ogre, wielding a +0 giant spiked club (moderately wounded)
The roots erupt in riotous growth!
Roots grab the ogre.
The grasping roots constrict the ogre.
The ogre struggles to escape constriction.
Aiming: Fastroot
Press: ? - help, Shift-Dir - straight line, f/p - ogre
Aim: an ogre, wielding a +0 giant spiked club (heavily wounded, constricted by roots)
The roots erupt in riotous growth!
The ogre is unaffected.
The now-empty wand crumbles to dust.
The grasping roots constrict the ogre!
The roots release their grip on the ogre.
Casting: Wereblood (safe; 6% risk of failure)
Confirm with . or Enter, or press ? or * to list all spells.
You extend your transformation's duration.
Casting: Beastly Appendage (safe; 3% risk of failure)
Confirm with . or Enter, or press ? or * to list all spells.
You don't have enough magic to cast this spell.
Aiming: Polymorph
Press: ? - help, Shift-Dir - straight line, f - adder, p - ogre
Aim: an adder (will become a bat, a river rat, or a frilled lizard, chance to affect: 57%)
Okay, then.
The ogre hits you with a +0 giant spiked club!
The adder bites you.
You hit the ogre.
You pierce the ogre.
The ogre is severely wounded.
You closely miss the adder. You block the adder's attack.
The ogre hits you with a +0 giant spiked club!!
Ouch! That really hurt!
You die...

##############...#.## #
....##....#...........#
..........#........#..##
..........#.....$..#....
..........# ............
..........####.......#
....##..........O..#
.........#......@S.#.#..
.....................>..
..............$....#>...
............###....# ...
................#.## .
................#...
###.####........####.
#.# #........# .. #+#
####.....# .


You could see an ogre and an adder.

Vanquished Creatures
  Crazy Yiuf (D:2)
  Terence (D:2)
  Ijyb (D:4)
  An orc wizard (D:4)
  Robin (D:4)
  A gnoll (D:1)
  2 adders
  An ufetubus (D:4)
  2 worms
  2 dart slugs
  4 orcs (D:4)
  4 ball pythons
  5 bats
  8 endoplasms
  4 giant cockroaches
  8 hobgoblins
  3 frilled lizards
  8 goblins
  3 kobolds
  3 rats
63 creatures vanquished.

Notes
Turn   | Place    | Note
-------+----------+-------------------------------------------
     0 | D:1      | PriceMaster the Octopode Transmuter began the quest for the
                  | Orb.
     0 | D:1      | Reached XP level 1. HP: 13/13 MP: 3/3
   286 | D:1      | Found a faded altar of an unknown god.
   534 | D:1      | Reached XP level 2. HP: 18/18 MP: 3/5
   722 | D:1      | Reached XP level 3. HP: 18/23 MP: 4/6
  1173 | D:2      | Reached skill level 4 in Unarmed Combat
  1389 | D:2      | Noticed Terence
  1399 | D:2      | Killed Terence
  1400 | D:2      | Reached XP level 4. HP: 17/28 MP: 4/7
  1532 | D:2      | Found a runed translucent door.
  1543 | D:2      | Noticed Crazy Yiuf
  1635 | D:2      | Reached skill level 1 in Stealth
  2047 | D:2      | Killed Crazy Yiuf
  2273 | D:3      | Learned a level 2 spell: Wereblood
  2406 | D:3      | Found a shimmering altar of Xom.
  2407 | D:3      | Found a shimmering altar of Xom.
  2412 | D:3      | Found a shimmering altar of Xom.
  2412 | D:3      | Found a shimmering altar of Xom.
  2766 | D:3      | Reached XP level 5. HP: 33/33 MP: 3/9
  2936 | D:3      | Found an ornate altar of the Wu Jian Council.
  2968 | D:3      | Found Duningybo's General Store.
  3294 | D:4      | Noticed Robin
  3301 | D:4      | Killed Robin
  3369 | D:4      | Noticed Ijyb
  3371 | D:4      | Reached skill level 1 in Short Blades
  3380 | D:4      | Killed Ijyb
  3435 | D:4      | Identified the +6 hand axe of Watchfulness {antimagic,
                  | *Rage rPois rF+++ Int+5}
  3449 | D:4      | Noticed an ogre
  3464 | D:4      | Slain by an ogre

Illustrated notes

Levels and vault maps discovered:
D:1:      heliophobic_arrival_dark_side_of_the_moon, layout_loops_corners,
          hellmonk_ecumenical_altar_leap_of_faith
D:2:      layout_loops_cross, mrwooster_statue_mirror, chequers_arboretum,
          uniq_terence, uniq_crazy_yiuf_cottage
D:3:      layout_rooms, lemuel_doored_altar, xom_redecorated, serial_shops, shop
D:4:      layout_basic, lemuel_zombie_altar_yredelemnul, uniq_ijyb, uniq_robin

Skill      XL: |  1  2  3  4  5 |
---------------+----------------+-----
Unarmed Combat | 4 |  4.1
Stealth        | 2 |  2.4
Transmutations | 3 |  3.1
Short Blades   | 1 |  1.4
Spellcasting   | 3 |  3.1
Fighting       | |  1.0
Maces & Flails | |  0.2
Dodging        | |  2.3

Action                     |  1- 3 |  4- 6 || total
---------------------------+-------+-------++-------
  Melee: Unarmed           |    27 |     5 ||    32
         Kick              |    10 |    21 ||    31
         Tentacles         |     6 |    17 ||    23
         Constrict         |     5 |    20 ||    25
         Punch             |     1 |     2 ||     3
         Dagger            |     6 |    63 ||    69
         Flail             |     6 |       ||     6
         Hand axe          |       |     2 ||     2
   Cast: Beastly Appendage |    20 |    27 ||    47
         Wereblood         |       |    25 ||    25
  Evoke: Wand              |       |     4 ||     4
    Use: Potion            |     1 |     2 ||     3
         Scroll            |       |     3 ||     3
   Stab: Sleeping          |     3 |     3 ||     6
 Armour: Skin              |     9 |     2 ||    11
  Dodge: Dodged            |    12 |    21 ||    33
  Block: Other             |       |     7 ||     7
         Reflection        |       |     1 ||     1

Table legend: (Time is in decaauts)
 A = Elapsed time spent in this place.
 B = Non-inter-level travel time spent in this place.
 C = Inter-level travel time spent in this place.
 D = Time resting spent in this place.
 E = Time spent auto-exploring this place.
 F = Levels seen in this place.
 G = Mean time per level.
                   A        B        C        D        E       F      G
               +--------+--------+--------+--------+--------+-----+--------+
         Total |   3434 |   3322 |    112 |    249 |   2619 |   4 |  858.5 |
       Dungeon |   3434 |   3322 |    112 |    249 |   2619 |   4 |  858.5 |
               +--------+--------+--------+--------+--------+-----+--------+

Top non-repeatable levels by time:
     D:2: 1205 daAuts
     D:1: 1041 daAuts
     D:3: 1022 daAuts
     D:4: 164 daAuts
